 Dungeon Crawl Stone Soup version 0.29-a0-330-g52719c12eb (webtiles) character file.

Game seed: 3151214583250571595

140 kae the Firebug (level 5, 0/33 HPs)
             Began as an Octopode Fire Elementalist on Apr 18, 2022.
             Slain by a phantom (4 damage)
             ... on level 4 of the Dungeon.
             The game lasted 00:01:24 (3868 turns).

kae the Firebug (Octopode Fire Elementalist)        Turns: 3868, Time: 00:01:25

Health: 0/33       AC:  1    Str:  7    XL:     5   Next: 23%
Magic:  2/8        EV: 13    Int: 19    God:
Gold:   138        SH:  0    Dex: 13    Spells: 2/8 levels left

rFire   . . .      SeeInvis .   c - +0 short sword
rCold   . . .      Faith    .   (no shield)
rNeg    . . .      Spirit   .   (helmet restricted)
rPois   .          Reflect  .   (no amulet)
rElec   .          Harm     .   (no ring)
rCorr   .          Rampage  .   (no ring)
Will    .....                   (no ring)
Stlth   +++.......              (no ring)
HPRegen 0.11/turn               (no ring)
MPRegen 0.11/turn               (no ring)
                                (no ring)
                                (no ring)

@: no status effects
A: almost no armour, amphibious, 8 rings, camouflage 1, gelatinous body 1,
(nimble swimmer 1), tentacles
a: no special abilities


You were on level 4 of the Dungeon.
You visited 1 branch of the dungeon, and saw 4 of its levels.

You collected 138 gold pieces.

Inventory:

Hand Weapons
 c - a +0 short sword (weapon)
Scrolls
 d - 3 scrolls of teleportation
 e - 2 scrolls of immolation
 i - a scroll of amnesia {unknown}
Potions
 a - a potion of magic
 b - a potion of resistance {unknown}
 f - a potion of mutation
 g - 2 potions of heal wounds {unknown}
 h - 3 potions of curing {unknown}
 k - 2 potions of degeneration


   Skills:
 + Level 1.3 Fighting
 + Level 2.6 Dodging
 + Level 3.6 Stealth
 + Level 2.4 Spellcasting
 + Level 2.0 Conjurations
 * Level 4.1 Fire Magic


You had 2 spell levels left.
You knew the following spells:

 Your Spells              Type           Power      Damage    Failure   Level
a - Foxfire               Conj/Fire      56%        2x1d6     4%          1
b - Scorch                Fire           36%        2d6       4%          2
c - Conjure Flame         Conj/Fire      14%        6-21      14%         3

Your spell library contained the following spells:

 Spells                   Type           Power      Damage    Failure   Level
 Slow                     Hex            8%         N/A       16%         1
 Blink                    Tloc           4%         N/A       24%         2
 Inner Flame              Hex/Fire       10%        N/A       21%         3
 Ignite Poison            Fire/Tmut/Pois 7%         N/A       28%         3
 Mephitic Cloud           Conj/Pois/Air  4%         N/A       36%         3
 Flame Wave               Conj/Fire      14%        2d6       41%         4
 Confusing Touch          Hex            2%         N/A       43%         3
 Gell's Gravitas          Tloc           2%         N/A       43%         3
 Teleport Other           Tloc           2%         N/A       43%         3
 Vampiric Draining        Necr           2%         2d6       43%         3
 Freezing Cloud           Conj/Ice/Air   2%         6-21      98%         5
 Manifold Assault         Tloc           2%         N/A       99%         5
 Dispersal                Tloc           1%         N/A       100%        6
 Storm Form               Tmut/Air       1%         N/A       100%        7


Dungeon Overview and Level Annotations

Branches:
Dungeon (4/15)
 Temple: D:4-7

Altars:


Innate Abilities, Weirdness & Mutations

You cannot wear most types of armour.
You are amphibious.
You can wear up to eight rings at the same time.
Your skin changes colour to match your surroundings (Stealth+).
Your rubbery body absorbs attacks. (AC +1, EV +1)
((You are camouflaged when in or above water. (Stealth+)))
You have tentacles for arms and can constrict up to eight enemies at once.


Message History

Confirm with . or Enter, or press ? or * to list all spells.
You conjure some foxfire!
The phantom closely misses you.
The foxfire hits the phantom.
The phantom is moderately damaged.
The foxfire hits the phantom.
The phantom is heavily damaged.
The phantom hits you.
Casting: Foxfire (safe; 4% risk of failure)
Confirm with . or Enter, or press ? or * to list all spells.
You conjure some foxfire!
The phantom barely misses you.
The foxfire hits the phantom.
The phantom is heavily damaged.
The foxfire hits the phantom.
The phantom is heavily damaged.
The phantom closely misses you.
Casting: Foxfire (safe; 4% risk of failure)
Confirm with . or Enter, or press ? or * to list all spells.
You conjure some foxfire!
The phantom hits you.
The foxfire hits the phantom.
The phantom is severely damaged.
The phantom hits you but does no damage.
Casting: Foxfire (safe; 4% risk of failure)
Confirm with . or Enter, or press ? or * to list all spells.
You conjure some foxfire!
The phantom hits you!
The phantom blinks!
You blink.
The foxfire hits the phantom but does no damage.
The phantom is severely damaged.
The foxfire hits the phantom but does no damage.
The phantom is severely damaged.
The foxfire hits the phantom but does no damage.
The phantom is severely damaged.
The phantom hits you.
Casting: Foxfire (safe; 4% risk of failure)
Confirm with . or Enter, or press ? or * to list all spells.
You conjure some foxfire!
The phantom hits you.
* * * LOW HITPOINT WARNING * * *
The phantom blinks!
You blink.
The foxfire hits the phantom.
The phantom is severely damaged.
The phantom hits you.
You die...

######.......####.#
###>.........#
###### #...#####..#
.....##...## #..#
........... #..#
####.##....#####..#
## ##. .##.....#
.###.# # #.##.##
.....# #.##§##@#
†#######.#.#..§.W#
............§§####
.......###.#§#
##.#.#.### #.#
.......... #.#
##.###.### #.#
#.....# #.# #.#####
#.#


You could see a phantom.

Vanquished Creatures
  A hound (D:2)
  4 adders
  2 worms
  3 dart slugs
  2 endoplasms
  6 giant cockroaches
  3 goblins
  7 hobgoblins
  6 jackals
  4 quokkas
  4 bats
  2 frilled lizards
  7 kobolds
  6 rats (D:1)
57 creatures vanquished.

Vanquished Creatures (collateral kills)
  2 foxfires
2 creatures vanquished.

Vanquished Creatures (others)
  122 foxfires
  A plant (D:1)
123 creatures vanquished.

Grand Total: 182 creatures vanquished

Notes
Turn   | Place    | Note
-------+----------+-------------------------------------------
     0 | D:1      | kae the Octopode Fire Elementalist began the quest for the
                  | Orb.
     0 | D:1      | Reached XP level 1. HP: 11/11 MP: 3/3
   353 | D:1      | Reached XP level 2. HP: 17/17 MP: 1/5
  1108 | D:1      | Found a faded altar of an unknown god.
  1151 | D:1      | Reached XP level 3. HP: 20/22 MP: 4/6
  1154 | D:1      | Learned a level 2 spell: Scorch
  1158 | D:1      | Learned a level 3 spell: Conjure Flame
  1684 | D:2      | Reached XP level 4. HP: 24/27 MP: 2/7
  2029 | D:2      | Reached skill level 1 in Fighting
  2702 | D:3      | Reached skill level 4 in Fire Magic
  3214 | D:3      | Reached XP level 5. HP: 32/33 MP: 5/8
  3854 | D:4      | Noticed a phantom
  3868 | D:4      | Slain by a phantom

Illustrated notes

Levels and vault maps discovered:
D:1:      psy_arrival_heroes, layout_loops_corners,
          shapermc_ecumenical_altar_starsandcircs, serial_forest,
          infiniplex_forest_lined_1, infiniplex_forest_straight_2,
          infiniplex_forest_straight_1, infiniplex_forest_fountain,
          infiniplex_forest_lined_2, infiniplex_forest_clump_small,
          infiniplex_forest_join
D:2:      layout_basic, kennysheep_pointless_box, minmay_misc_feat_encased,
          hex_intersection
D:3:      wad_lake_hut, layout_loops_ring, minivault_4
D:4:      layout_loops_ring, gammafunk_ghost_icy

Skill      XL: |  1  2  3  4  5 |
---------------+----------------+-----
Stealth        | 3 |  3.6
Fighting       | 1 |  1.3
Fire Magic     | 4 |  4.1
Conjurations   | 2 |  2.0
Dodging        | |  2.6
Spellcasting   | |  2.4

Action                   |  1- 3 |  4- 6 || total
-------------------------+-------+-------++-------
Melee: Unarmed           |     7 |       ||     7
       Short sword       |    24 |    45 ||    69
       Constrict         |    11 |    14 ||    25
       Tentacles         |     8 |     8 ||    16
       Punch             |       |     1 ||     1
 Cast: Foxfire           |    28 |    52 ||    80
  Use: Scroll            |       |     8 ||     8
 Stab: Sleeping          |     3 |     1 ||     4
Armor: Skin              |     6 |     3 ||     9
Dodge: Dodged            |    26 |    45 ||    71

Table legend: (Time is in decaauts)
 A = Elapsed time spent in this place.
 B = Non-inter-level travel time spent in this place.
 C = Inter-level travel time spent in this place.
 D = Time resting spent in this place.
 E = Time spent auto-exploring this place.
 F = Levels seen in this place.
 G = Mean time per level.
                   A        B        C        D        E       F      G
               +--------+--------+--------+--------+--------+-----+--------+
         Total |   3873 |   3812 |     61 |      2 |   3327 |   4 |  968.2 |
       Dungeon |   3873 |   3812 |     61 |      2 |   3327 |   4 |  968.2 |
               +--------+--------+--------+--------+--------+-----+--------+

Top non-repeatable levels by time:
     D:1: 1658 daAuts
     D:3: 976 daAuts
     D:2: 867 daAuts
     D:4: 371 daAuts
